 Dungeon Crawl Stone Soup version 0.21.1-1-g345015fe64 (webtiles) character file.

81815 Loge the Severer (level 15, -2/211 HPs)
             Began as a Minotaur Berserker on July 13, 2018.
             Was the Champion of Trog.
             Slain by a phantasmal warrior (24 damage)
             ... led by a death knight
             ... on level 13 of the Dungeon.
             The game lasted 01:07:25 (24263 turns).

Loge the Severer (Minotaur Berserker)              Turns: 24263, Time: 01:07:26

Health: -2/211     AC: 10    Str: 32    XL:     15   Next: 27%
Magic:  14/14      EV: 17    Int:  4    God:    Trog [******]
Gold:   2408       SH:  0    Dex: 11    Spells: 14/14 levels left

rFire    . . .     SeeInvis .   y - +4 battleaxe (chop)
rCold    . . .     Gourm    +   (shield currently unavailable)
rNeg     . . .     Faith    .   n - +0 plate armour
rPois    .         Spirit   .   Z - +0 hat
rElec    .         Reflect  .   p - scarf {cloud immunity}
rCorr    .         Harm     .   (no gloves)
MR       +....                  i - +0 pair of boots
Stlth    ..........             E - amulet of the gourmand
HPRegen  0.45/turn              H - +3 ring of evasion
MPRegen  0.14/turn              T - +3 ring of slaying

@: berserking (expiring), corroded, very quick
A: retaliatory headbutt, horns 2
a: Berserk, Trog's Hand, Brothers in Arms, Burn Spellbooks, Renounce Religion


You were on level 13 of the Dungeon.
You worshipped Trog.
Trog was exalted by your worship.
You were very full.

You visited 3 branches of the dungeon, and saw 21 of its levels.
You visited the Abyss 1 time.
You also visited: Ossuary and Ice Cave.

You collected 2588 gold pieces.
You spent 180 gold pieces at shops.

Inventory:

Hand Weapons
 j - a +4 battleaxe of electrocution
 y - a +4 battleaxe of chopping (weapon)
 X - a +2 antimagic executioner's axe
 Y - a +1 battleaxe of flaming
Missiles
 k - 370 arrows
 K - 4 javelins of returning (quivered)
 Q - 7 javelins
Armour
 i - a +0 pair of boots (worn)
 n - a +0 plate armour (worn)
 p - a scarf of cloud immunity (worn)
 x - a +2 cloak
 W - a scarf of repulsion
 Z - a +0 hat (worn)
Jewellery
 a - an uncursed ring of protection from cold
 g - an uncursed ring of wizardry {unknown}
 w - an uncursed ring of protection from magic
 A - a +5 amulet of reflection
 B - an uncursed ring of protection from fire
 E - an amulet of the gourmand (around neck)
 H - a +3 ring of evasion (left hand)
 O - an uncursed ring of see invisible
 T - a +3 ring of slaying (right hand)
Wands
 G - a wand of polymorph (11)
 P - a wand of enslavement (18)
 R - a wand of paralysis (32)
 S - a wand of digging (40)
 U - a wand of disintegration (32)
 V - a wand of iceblast (4)
Scrolls
 f - 6 scrolls of fear
 o - 13 scrolls of teleportation
 q - 8 scrolls of remove curse
 r - 2 scrolls of enchant weapon
 t - 3 scrolls of enchant armour {unknown}
 C - 4 scrolls of blinking
 F - 2 scrolls of noise {unknown}
 I - 2 scrolls of fog {unknown}
 M - 3 scrolls of magic mapping
Potions
 b - a potion of haste
 e - 4 potions of heal wounds
 h - 5 potions of lignification
 l - 6 potions of ambrosia
 m - 5 potions of might
 u - 2 potions of invisibility
 v - a potion of brilliance
 z - 11 potions of curing
 D - 3 potions of flight
 J - 2 potions of resistance
 L - 2 potions of agility
 N - a potion of cancellation
Comestibles
 c - 44 rations
 d - 6 chunks of flesh


   Skills:
 * Level 15.2 Fighting
 + Level 19.1 Axes
 + Level 14.4 Armour
 + Level 13.4 Dodging


You had 14 spell levels left.
You didn't know any spells.

Dungeon Overview and Level Annotations

Branches:
Dungeon (13/15)            Temple (0/1) D:6            Lair (6/6) D:10
  Swamp (0/4) Lair:3        Snake (0/4) Lair:3        Slime (0/5) Lair:6
    Orc (2/2) D:12            Elf (0/3) Orc:2
 Vaults: D:13-14

Altars:
Ashenzari
Dithmenos
Fedhas
Hepliaklqana
Makhleb
Qazlal
Ru
Sif Muna
Trog
Wu Jian
Xom
Zin
Beogh
Jiyva

Shops:
D:9 *   Orc:2 =(:!:

Annotations:
Lair:3 exclusion: oklob plant


Innate Abilities, Weirdness & Mutations

You reflexively headbutt those who attack you in melee.
You have a pair of horns on your head.


Message History

You barely miss the skeletal warrior.
The skeletal warrior is almost destroyed.
The skeletal warrior completely misses you.
You furiously retaliate!
You headbutt the skeletal warrior!
You destroy the skeletal warrior!
Trog accepts your kill.
Items here: )) [ † a short sword; a broad axe; a chain mail; a human corpse You hit the phantasmal warrior but do no damage.
The phantasmal warrior is lightly damaged.
You slash the jelly!
You kill the jelly!
Trog accepts your kill.
You slash the phantasmal warrior!
You headbutt the phantasmal warrior, but do no damage.
The phantasmal warrior is moderately damaged.
You barely miss the phantasmal warrior.
The phantasmal warrior is moderately damaged.
The phantasmal warrior hits you!!
You die...

#...... #......
#...... #......
#......
#......######..
.......W....... #
######@#
...#......#
........†.#
..........#
.......##.#
##+#.####+##
#.##..^.########.#.
#..................
#..................


You could see a phantasmal warrior.

Vanquished Creatures
  Rupert (Lair:6)
  A frost giant (D:12)
  An orc warlord (Orc:1)
  The ghost of SlightEye the Fighter, a journeyman DsFi of Okawaru (Lair:4)
  7 hydras
  A catoblepas (Lair:6)
  A death knight (D:13)
  7 two-headed ogres
  An orc high priest (Orc:2)
  3 death yaks
  Sonja (D:12)
  2 unseen horrors
  2 skeletal warriors (D:13)
  The ghost of 3rdEnemy the Skirmisher, a novice MiFi of Makhleb (D:4)
  An orc knight (Orc:1)
  A necromancer (Lair:5)
  2 ugly things
  7 orc sorcerers
  A wolf spider (Lair:6)
  5 cyclopes
  A manticore (D:13)
  2 black mambas (Lair:5)
  An ice statue (IceCv)
  6 elephants (Lair:4)
  10 spiny frogs
  A torpor snail (Lair:4)
  10 komodo dragons
  A kobold demonologist (D:13)
  A rime drake (Lair:3)
  6 trolls
  24 polar bears
  5 raiju (Lair:6)
  17 blink frogs
  14 hippogriffs
  6 dream sheep (Lair:5)
  Eustachio (D:6)
  40 yaks
  4 wyverns
  A basilisk (Lair:3)
  Grum (Lair:1)
  4 vampire mosquitoes (D:13)
  2 hungry ghosts (D:11)
  2 steam dragons
  4 nagas (Lair:3)
  An acid dragon (D:12)
  6 wargs
  8 water moccasins
  Duvessa (D:4)
  14 hell hounds
  3 ice beasts
  8 porcupines
  A hornet zombie (D:10)
  38 orc warriors
  5 sky beasts
  11 black bears (Lair:6)
  An eye of draining (D:11)
  A phantom (D:6)
  2 necrophages
  35 wolves
  A centaur (D:13)
  15 ogres
  3 big kobolds
  9 crocodiles
  A gnoll sergeant (Orc:1)
  15 bullfrogs
  Dowan (D:4)
  2 wyvern zombies
  3 scorpions
  A water moccasin skeleton (D:8)
  8 killer bees
  2 electric eels (Lair:4)
  4 wights (D:13)
  4 howler monkeys
  15 crimson imps
  2 bullfrog zombies
  2 centaur zombies (Ossuary)
  22 orc priests
  A gnoll shaman (D:7)
  5 hounds
  4 jellies
  27 orc wizards
  2 quasits
  2 centaur skeletons
  Crazy Yiuf (D:6)
  4 bullfrog skeletons
  2 iguanas (D:7)
  Natasha (thrice) (D:4)
  5 worker ants
  2 yak simulacra (Lair:5)
  3 wolf simulacra (Lair:5)
  2 mummies (Ossuary)
  3 hound skeletons
  A howler monkey skeleton (D:6)
  9 gnolls
  5 adders
  A shadow imp (D:13)
  2 white imps (D:7)
  3 adder skeletons
  2 worms
  4 dart slugs
  6 leopard geckos
  105 orcs
  8 giant cockroaches
  6 goblins
  9 hobgoblins
  10 jackals
  2 quokkas
  3 bats (D:1)
  9 frilled lizards
  A gnoll zombie (Ossuary)
  3 goblin zombies (Ossuary)
  A hobgoblin zombie (Ossuary)
  22 kobolds
  A kobold zombie (Ossuary)
  2 quokka skeletons
  6 rats (D:1)
  6 river rat simulacra (Lair:5)
  3 fungi
  10 plants
762 creatures vanquished.

Vanquished Creatures (collateral kills)
  A frost giant (IceCv)
  An ettin (Orc:2)
  A gargoyle (D:10)
  A polar bear (IceCv)
  An orc warrior (Orc:2)
  An orc wizard (Orc:2)
  A white imp (D:10)
  3 orcs
10 creatures vanquished.

Vanquished Creatures (others)
  A yak (IceCv)
  3 wolves
  5 fungi
  15 plants
24 creatures vanquished.

Grand Total: 796 creatures vanquished

Notes
Turn   | Place    | Note
-------+----------+-------------------------------------------
     0 | D:1      | Loge the Minotaur Berserker began the quest for the Orb.
     0 | D:1      | Reached XP level 1. HP: 19/19 MP: 0/0
   110 | D:1      | Reached XP level 2. HP: 17/27 MP: 1/1
   111 | D:1      | Reached skill level 4 in Axes
   438 | D:1      | Reached ** piety under Trog
   438 | D:1      | Reached XP level 3. HP: 33/33 MP: 2/2
  1415 | D:3      | Reached XP level 4. HP: 40/40 MP: 3/3
  1953 | D:4      | Reached skill level 5 in Axes
  2018 | D:4      | Noticed 3rdEnemy's ghost (novice MiFi)
  2036 | D:4      | Killed 3rdEnemy's ghost
  2036 | D:4      | Reached skill level 5 in Fighting
  2036 | D:4      | Reached skill level 6 in Axes
  2036 | D:4      | Reached XP level 5. HP: 34/48 MP: 4/4
  2036 | D:4      | Reached XP level 6. HP: 40/56 MP: 5/5
  2036 | D:4      | Reached XP level 7. HP: 43/61 MP: 6/6
  2076 | D:4      | Noticed Natasha
  2218 | D:4      | Killed Natasha
  2218 | D:4      | Reached skill level 7 in Axes
  2243 | D:4      | Noticed Duvessa
  2246 | D:4      | Noticed Dowan
  2257 | D:4      | Killed Duvessa
  2272 | D:4      | Killed Dowan
  2272 | D:4      | Reached skill level 5 in Armour
  2510 | D:4      | Noticed Natasha
  2516 | D:4      | Killed Natasha
  2555 | D:4      | Found a glowing silver altar of Zin.
  2555 | D:4      | Noticed an angel
  2593 | D:4      | Noticed Natasha
  2598 | D:4      | Killed Natasha
  2697 | D:5      | Entered Level 5 of the Dungeon
  2912 | D:5      | Reached *** piety under Trog
  2912 | D:5      | Reached skill level 5 in Dodging
  2912 | D:5      | Reached XP level 8. HP: 64/70 MP: 7/7
  2948 | D:5      | Reached skill level 8 in Axes
  2994 | D:5      | Found a bloodstained altar of Trog.
  3188 | D:5      | Found a hazy altar of Hepliaklqana.
  3244 | D:5      | Found a blossoming altar of Fedhas.
  3522 | D:5      | Found a shimmering altar of Xom.
  3523 | D:5      | Found a burning altar of Makhleb.
  3658 | D:6      | Found a stormy altar of Qazlal.
  3699 | D:6      | Found an ornate altar of the Wu Jian Council.
  3702 | D:6      | Found a staircase to the Ecumenical Temple.
  3710 | D:6      | Reached skill level 9 in Axes
  3900 | D:6      | Noticed Eustachio
  3926 | D:6      | Killed Eustachio
  3980 | D:6      | Found a shattered altar of Ashenzari.
  4001 | D:6      | Reached XP level 9. HP: 51/79 MP: 8/8
  4092 | D:6      | Found a blossoming altar of Fedhas.
  4160 | D:6      | Found a sacrificial altar of Ru.
  4212 | D:6      | Found a runed door.
  4216 | D:6      | Noticed Crazy Yiuf
  4220 | D:6      | Killed Crazy Yiuf
  4415 | D:7      | Reached skill level 10 in Axes
  4457 | D:7      | Reached **** piety under Trog
  5450 | D:8      | Reached skill level 11 in Axes
  5629 | D:8      | Found a sand-covered staircase.
  5637 | Ossuary  | Entered an ossuary
  5913 | D:8      | Received a gift from Trog
  6362 | D:9      | Reached XP level 10. HP: 90/90 MP: 9/9
  6377 | D:9      | Found a deep blue altar of Sif Muna.
  6395 | D:9      | Found Uckeank's General Store.
  6441 | D:9      | Found a shadowy altar of Dithmenos.
  6634 | D:9      | Found an ornate altar of the Wu Jian Council.
  7065 | D:9      | Noticed a two-headed ogre
  7072 | D:9      | Killed a two-headed ogre
  7072 | D:9      | Reached ***** piety under Trog
  7209 | D:10     | Entered Level 10 of the Dungeon
  7328 | D:10     | Reached skill level 12 in Axes
  7367 | D:10     | Killed an unseen horror
  7522 | D:10     | Noticed a two-headed ogre
  7533 | D:10     | Killed a two-headed ogre
  7877 | D:10     | Noticed a gargoyle
  7906 | D:10     | Killed a gargoyle
  8407 | D:10     | Found a staircase to the Lair.
  8702 | D:10     | Reached XP level 11. HP: 99/99 MP: 10/10
  8801 | D:11     | Received a gift from Trog
  8801 | D:11     | Reached skill level 13 in Axes
  9073 | D:11     | Reached skill level 10 in Fighting
  9096 | D:11     | Noticed a brown ugly thing
  9112 | D:11     | Killed a brown ugly thing
  9493 | D:11     | Reached skill level 10 in Armour
  9934 | D:12     | Noticed Sonja
 10253 | D:12     | Noticed a two-headed ogre
 10265 | D:12     | Killed a two-headed ogre
 10265 | D:12     | Reached skill level 14 in Axes
 10275 | D:12     | Noticed a two-headed ogre
 10278 | D:12     | Noticed a frost giant
 10285 | D:12     | Killed a two-headed ogre
 10337 | D:12     | Noticed a two-headed ogre
 10676 | D:12     | Killed a two-headed ogre
 11007 | D:12     | Noticed a two-headed ogre
 11011 | D:12     | Killed a two-headed ogre
 11015 | D:12     | Reached skill level 10 in Dodging
 11015 | D:12     | Reached XP level 12. HP: 110/110 MP: 11/11
 11046 | D:12     | Cast into level 2 of the Abyss (Sonja)
 11047 | Abyss:2  | Found a corrupted altar of Lugonu.
 11103 | D:12     | Escaped the Abyss
 11375 | D:12     | Killed a frost giant
 11767 | D:12     | Killed Sonja
 11792 | D:12     | Noticed a two-headed ogre
 11799 | D:12     | Killed a two-headed ogre
 11799 | D:12     | Reached skill level 15 in Axes
 12047 | D:12     | Found a staircase to the Orcish Mines.
 12315 | Lair:1   | Entered Level 1 of the Lair of Beasts
 12465 | Lair:1   | Noticed Grum
 12474 | Lair:1   | Killed Grum
 13116 | Lair:1   | Noticed an eight-headed hydra
 13121 | Lair:1   | Killed a six-headed hydra
 13690 | Lair:2   | Reached skill level 16 in Axes
 14061 | Lair:2   | Reached ****** piety under Trog
 14217 | Lair:3   | Found a staircase to the Swamp.
 14245 | Lair:3   | Noticed a seven-headed hydra
 14266 | Lair:3   | Reached XP level 13. HP: 95/118 MP: 12/12
 14377 | Lair:3   | Received a gift from Trog
 14849 | Lair:3   | Found a staircase to the Snake Pit.
 15451 | Lair:4   | Noticed SlightEye's ghost (journeyman DsFi)
 15461 | Lair:4   | Killed SlightEye's ghost
 15754 | Lair:4   | Reached skill level 17 in Axes
 17233 | Lair:5   | Received a gift from Trog
 17515 | Lair:6   | Entered Level 6 of the Lair of Beasts
 17557 | Lair:6   | Noticed Rupert
 17580 | Lair:6   | Killed Rupert
 17644 | Lair:6   | Reached XP level 14. HP: 129/129 MP: 13/13
 17696 | Lair:6   | Received a gift from Trog
 18417 | Lair:6   | Found a viscous altar of Jiyva.
 18417 | Lair:6   | Found a staircase to the Slime Pits.
 18566 | Lair:6   | Reached skill level 18 in Axes
 19362 | Orc:1    | Entered Level 1 of the Orcish Mines
 19530 | Orc:1    | Received a gift from Trog
 19907 | Orc:1    | Found a bloodstained altar of Trog.
 20129 | Orc:2    | Entered Level 2 of the Orcish Mines
 20475 | Orc:2    | Received a gift from Trog
 20500 | Orc:2    | Paralysed by an orc sorcerer for 3 turns
 21377 | Orc:2    | Noticed an orc warlord
 21427 | Orc:1    | Killed an orc warlord
 21645 | Orc:2    | Received a gift from Trog
 21745 | Orc:2    | Found a staircase to the Elven Halls.
 21777 | Orc:2    | Found Immulau's Book Shop.
 21836 | Orc:2    | Found Dis Yxzu's Book Shoppe.
 21836 | Orc:2    | Found Gexzuude's Jewellery Emporium.
 21836 | Orc:2    | Found Siadunas's Weapon Emporium.
 21839 | Orc:2    | Found Rucheif's Distillery.
 22084 | Orc:2    | Bought a potion of haste for 180 gold pieces
 22148 | D:13     | Found a frozen archway.
 22175 | IceCv    | Entered an ice cave
 22886 | IceCv    | Reached XP level 15. HP: 130/139 MP: 14/14
 23137 | IceCv    | Noticed a frost giant
 23156 | IceCv    | Killed a frost giant
 23156 | IceCv    | Reached skill level 15 in Fighting
 23156 | IceCv    | Reached skill level 19 in Axes
 23874 | D:13     | Found a roughly hewn altar of Beogh.
 23879 | D:13     | Received a gift from Trog
 24252 | D:13     | HP: 4/141 [phantasmal warrior[a death knight] (23)]
 24263 | D:13     | Slain by a phantasmal warrior

Skill      XL: |  1  2  3  4  5  6  7  8  9 10 11 12 13 14 15 |
---------------+----------------------------------------------+-----
Axes           | 4 6 7 9 11 12 14 16 17 18 19 | 19.1
Fighting       | 4 5 6 7 8 9 11 12 13 14 15 | 15.2
Armour         | 3 4 5 6 8 9 10 12 13 14 | 14.4
Dodging        | 4 5 6 7 8 10 11 12 13 | 13.4

Action                   |  1- 3 |  4- 6 |  7- 9 | 10-12 | 13-15 || total
-------------------------+-------+-------+-------+-------+-------++-------
Melee: Hand axe          |    87 |    56 |   437 |       |       ||   580
       Headbutt          |    11 |    15 |    90 |   104 |   154 ||   374
       War axe           |       |       |    11 |   187 |       ||   198
       Battleaxe         |       |       |       |   316 |   733 ||  1049
       Executioner's axe |       |       |       |       |    24 ||    24
Invok: Berserk           |       |     1 |     3 |     2 |     6 ||    12
       Burn Spellbooks   |       |       |     1 |     1 |     5 ||     7
       Brothers in Arms  |       |       |       |     2 |     3 ||     5
Evoke: Wand              |       |       |       |     3 |       ||     3
  Use: Scroll            |       |       |     5 |    15 |     6 ||    26
       Potion            |       |       |       |     1 |     2 ||     3
  Eat: Chunk             |     1 |     3 |    21 |    36 |    48 ||   109
       Ration            |       |       |       |     1 |       ||     1
Armor: Animal skin       |     7 |       |       |       |       ||     7
       Chain mail        |    39 |    32 |   196 |     1 |       ||   268
       Plate armour      |       |       |    25 |   288 |   375 ||   688
Dodge: Dodged            |    48 |    27 |   201 |   275 |   476 ||  1027
Block: Other             |       |       |       |    28 |    17 ||    45
